AoeStats
← 荀多多

Nomad

510819847Analyzed
3v3 RM · 11h ago on Oct 2, 2026· 39m 27s· 6 players
Game mode
Random Map
Map size
210×210
Population
200
Speed
Normal
Resources
Standard
Victory
Conquest
Starting age
Dark Age
Ending age
Imperial Age
RankedLock teamsTeams togetherTeam positionsShared explorationLock speedFull tech treeHidden civsTurbo modeCheats
Victory
Defeat
🇬🇧 Persians · United Kingdom
1078
+14
🇧🇪 Japanese · Belgium
1067
+14
🇧🇪 Wu · Belgium
1037
+15
🇨🇳 Slavs · China
1079
-17
🇨🇳 Saxons · China
1000
-40
🇨🇳 Spanish · China
1000
-40
windtalker2018
11:33 Loom
17:27 Feudal Age
17:56 Fishing Lines
19:04 Double-Bit Axe
24:58 Castle Age
24:24 Fletching
26:21 Gillnets
27:18 Wheelbarrow
28:36 Bow Saw
29:02 Horse Collar
29:53 Gold Mining
30:04 Bodkin Arrow
31:57 Clerical Recruitment
35:28 Imperial Age
33:55 Hand Cart
34:47 Man-at-Arms
35:13 Gambesons
35:28 Squires
35:14 Arson
35:57 Crossbowman
36:42 Thumb Ring
37:30 Conscription
36:31 Clerical Recruitment
37:54 Hoardings
37:29 Bracer
37:30 Padded Archer Armor
38:09 Ballistics
ZG小牛
17:07 Feudal Age
21:56 Castle Age
25:39 Gold Mining
27:05 Double-Bit Axe
27:08 Horse Collar
28:42 Masonry
28:48 Forging
28:44 Scale Barding Armor
29:12 Stone Mining
29:58 Gold Shaft Mining
30:14 Gold Shaft Mining
29:44 Detinets
31:05 Ballistics
33:13 Wheelbarrow
33:28 Caravan
35:03 Bow Saw
35:16 Hand Cart
35:10 Husbandry
36:14 Loom
39:08 Murder Holes
荀多多
15:27 Feudal Age
15:54 Double-Bit Axe
20:23 Loom
23:28 Castle Age
21:54 Horse Collar
23:41 Gold Mining
23:42 Stone Mining
23:46 Town Watch
25:27 Pikeman
29:51 Fletching
31:04 Bloodlines
Rogeranium
5:09 Loom
13:30 Feudal Age
15:33 Double-Bit Axe
18:19 Castle Age
16:14 Stone Mining
16:36 Fishing Lines
19:43 Gillnets
19:54 Gold Mining
21:46 Wheelbarrow
22:40 Medium Warships
23:54 Scale Mail Armor
24:05 Forging
24:10 Bow Saw
26:48 Town Watch
29:25 Chain Mail Armor
29:45 Horse Collar
30:59 Iron Casting
36:31 Imperial Age
34:17 Hand Cart
37:35 Elite Samurai
38:36 Conscription
39:08 Plate Mail Armor
39:39 Blast Furnace
Gigantesco Mano
12:33 Feudal Age
17:17 Castle Age
15:45 Horse Collar
16:14 Double-Bit Axe
19:22 Heavy Plow
21:09 Bow Saw
24:23 Gold Mining
27:10 Wheelbarrow
26:24 Loom
31:10 Imperial Age
30:15 Gold Shaft Mining
29:35 Stone Mining
30:58 Stone Shaft Mining
31:07 Scale Barding Armor
31:13 Forging
30:52 Cavalier
32:18 Chain Barding Armor
31:50 Fletching
32:15 Bloodlines
32:07 Husbandry
33:58 Two-Man Saw
33:31 Crop Rotation
34:29 Savar
36:51 Plate Barding Armor
37:00 Iron Casting
36:22 Bodkin Arrow
36:31 Padded Archer Armor
Logh
5:04 Loom
13:51 Feudal Age
17:56 Castle Age
16:25 Double-Bit Axe
16:46 Horse Collar
21:57 Wheelbarrow
21:08 Town Watch
21:26 Padded Archer Armor
23:42 Bow Saw
24:53 Hand Cart
25:46 Gold Mining
26:28 Ballistics
26:12 Fletching
27:20 Bodkin Arrow
28:17 Leather Archer Armor
28:20 Heavy Plow
34:08 Imperial Age
34:57 Bracer
35:19 Conscription
35:13 Clinker Construction
36:08 Chemistry
35:22 Red Cliffs Tactics
35:53 Elite Fire Archer
Connection lost

Rejoining the realm…

Still unreachable

The connection could not be restored.

Session expired

The server has moved on; the page needs a fresh start.